 Dungeon Crawl Stone Soup version 0.28.0-53-g5a82cb258f (webtiles) character file.

Game seed: 15640167760861090984

662 safid the Cleaver (level 7, -4/59 HPs)
             Began as a Hill Orc Fighter on Aug 20, 2022.
             Slain by a gnoll shaman
             ... wielding a +0 club
              (10 damage)
             ... on level 4 of the Dungeon.
             The game lasted 00:02:37 (3373 turns).

safid the Cleaver (Hill Orc Fighter)                Turns: 3373, Time: 00:02:38

Health: -4/59      AC:  7    Str: 21    XL:     7   Next: 56%
Magic:  7/7        EV:  9    Int:  8    God:
Gold:   182        SH:  4    Dex: 10    Spells: 6/6 levels left

rFire   . . .      SeeInvis .   a - +0 war axe
rCold   . . .      Faith    .   c - +0 buckler
rNeg    . . .      Spirit   .   b - +0 scale mail
rPois   .          Reflect  .   (no helmet)
rElec   .          Harm     .   (no cloak)
rCorr   .          Rampage  .   (no gloves)
Will    .....                   (no boots)
Stlth   ..........              (no amulet)
HPRegen 0.19/turn               (no ring)
MPRegen 0.10/turn               (no ring)

@: no status effects
A: no striking features
a: no special abilities


You were on level 4 of the Dungeon.
You visited 1 branch of the dungeon, and saw 4 of its levels.

You collected 182 gold pieces.

Inventory:

Hand Weapons
 a - a +0 war axe (weapon)
Missiles
 e - 2 javelins (quivered)
Armour
 b - a +0 scale mail (worn)
 c - a +0 buckler (worn)
Jewellery
 m - an amulet of magic regeneration
Scrolls
 g - a scroll of blinking {unknown}
 h - 2 scrolls of identify {unknown}
 j - a scroll of amnesia {unknown}
 k - 2 scrolls of teleportation {unknown}
 n - a scroll of fog {unknown}
 o - a scroll of vulnerability {unknown}
Potions
 d - a potion of invisibility {unknown}
 f - a potion of heal wounds {unknown}
 i - a potion of degeneration {unknown}
 l - a potion of curing {unknown}


   Skills:
 - Level 4.0 Fighting
 + Level 10.0 Axes
 - Level 4.0 Armour
 - Level 4.0 Shields


You had 6 spell levels left.
You didn't know any spells.
Your spell library contained the following spells:

 Spells                   Type           Power      Damage    Failure   Level
 Animate Skeleton         Necr           0%         N/A       83%         1
 Pain                     Necr           0%         1d4       83%         1
 Ozocubu's Armour         Ice            0%         N/A       99%         3
 Tukima's Dance           Hex            0%         N/A       99%         3
 Vampiric Draining        Necr           0%         2d6       99%         3
 Passage of Golubria      Tloc           0%         N/A       100%        4
 Metabolic Englaciation   Hex/Ice        0%         N/A       100%        5
 Yara's Violent Unravell  Hex/Tmut       0%         3d3       100%        5
 Simulacrum               Ice/Necr       0%         N/A       100%        6


Dungeon Overview and Level Annotations

Branches:
Dungeon (4/15)
 Temple: D:4-7

Altars:
Ru
The Shining One


Message History

The gnoll burns you. The gnoll hits you but does no damage.
The gnoll completely misses you.
You barely miss the gnoll. You hit the gnoll.
The gnoll hits you with a +1 halberd of flaming.
The gnoll burns you. The gnoll barely misses you. x2
You closely miss the gnoll.
The gnoll is moderately wounded.
You hit the gnoll. You closely miss the gnoll. The gnoll closely misses you. x3
You barely miss the gnoll.
The gnoll is moderately wounded.
You slash the gnoll shaman! You hit the gnoll. You closely miss the gnoll.
The gnoll hits you with a +0 flail. The gnoll hits you but does no damage.
The gnoll hits you from afar with a +0 halberd.
You block the gnoll's attack. The gnoll shaman completely misses you.
You slash the gnoll shaman!
The gnoll shaman is severely wounded.
You barely miss the gnoll. You slash the gnoll! You hit the gnoll.
The gnoll hits you with a +0 flail. The gnoll barely misses you.
You block the gnoll's attack. The gnoll barely misses you.
The gnoll shaman barely misses you.
You barely miss the gnoll shaman.
The gnoll shaman is severely wounded.
You closely miss the gnoll. You completely miss the gnoll. You slash the gnoll!
The gnoll hits you with a +0 flail. The gnoll hits you but does no damage.
The gnoll hits you from afar with a +0 halberd.
The gnoll hits you with a +1 halberd of flaming!
The gnoll burns you.
The gnoll shaman calls upon its god to heal the gnoll.
The gnoll is healed somewhat.
Unknown command.
You slash the gnoll!
You kill the gnoll!
You hit the gnoll but do no damage. You barely miss the gnoll.
You barely miss the gnoll shaman. The gnoll hits you with a +0 flail.
* * * LOW HITPOINT WARNING * * *
The gnoll barely misses you.
The gnoll hits you from afar with a +0 halberd!
* * * LOW HITPOINT WARNING * * *
The gnoll shaman hits you with a +0 club!
You die...

#.# #.#.# #.#
#.#######.##.#####.#.# #.#
#.......#.......... .#
#.#####.#.......$.##.# #.#
###.............. #.#
#..............# #.#
#.###.##...........# #.#
#............ggg..# #.#
#####.########@.g# #|# #.#
#)### #.# #.########.######
#.# #.##......#...>.# #†#
#.##.#####.####.# #.####
#.##.# #.####.######<....
#.##.#####.....#..........#
#.......#######.#########..
#.##.##.# #.# ###


You could see a gnoll shaman and 3 gnolls.

Vanquished Creatures
  Sigmund (D:3)
  Pargi (D:3)
  A necrophage (D:4)
  A phantom (D:4)
  A howler monkey (D:4)
  An orc priest (D:4)
  Jessica (D:3)
  An iguana (D:4)
  An orc wizard (D:4)
  A killer bee zombie (D:4)
  2 adders
  A gnoll (D:4)
  An ufetubus (D:3)
  2 adder skeletons (D:4)
  A worm (D:3)
  2 dart slugs
  4 orcs
  4 endoplasms
  2 giant cockroaches
  7 goblins
  6 hobgoblins
  3 jackals (D:1)
  6 kobolds
  3 quokkas
  5 ball pythons
  4 bats
  2 frilled lizards (D:1)
  2 rats (D:1)
67 creatures vanquished.

Notes
Turn   | Place    | Note
-------+----------+-------------------------------------------
     0 | D:1      | safid the Hill Orc Fighter began the quest for the Orb.
     0 | D:1      | Reached XP level 1. HP: 19/19 MP: 1/1
   111 | D:1      | Found a faded altar of an unknown god.
   262 | D:1      | Reached XP level 2. HP: 25/27 MP: 2/2
   301 | D:1      | Reached skill level 3 in Axes
  1119 | D:2      | You fall into a shaft and drop 1 floor!
  1145 | D:3      | Reached XP level 3. HP: 32/33 MP: 3/3
  1190 | D:3      | Noticed Sigmund
  1197 | D:3      | Killed Sigmund
  1198 | D:3      | Reached skill level 6 in Axes
  1198 | D:3      | Reached XP level 4. HP: 33/40 MP: 4/4
  1198 | D:3      | Reached XP level 5. HP: 38/46 MP: 5/5
  1335 | D:3      | Noticed Jessica
  1343 | D:3      | Killed Jessica
  1344 | D:3      | Reached XP level 6. HP: 41/52 MP: 6/6
  1702 | D:3      | Noticed Pargi
  1714 | D:3      | Killed Pargi
  1715 | D:3      | Reached skill level 7 in Axes
  2041 | D:4      | Reached skill level 8 in Axes
  2303 | D:4      | Reached XP level 7. HP: 45/59 MP: 7/7
  2427 | D:4      | Reached skill level 9 in Axes
  2686 | D:4      | Found a sacrificial altar of Ru.
  2686 | D:4      | Found a glowing golden altar of the Shining One.
  3356 | D:4      | Reached skill level 10 in Axes
  3373 | D:4      | Slain by a gnoll shaman

Illustrated notes

Levels and vault maps discovered:
D:1:      matt_arrival_los_fun, layout_basic, basic_ecumenical_altar,
          hangedman_glass_teeth
D:2:      layout_loops_ring, kennysheep_generic_room_8
D:3:      layout_basic, solitary_fountain, uniq_sigmund, uniq_pargi,
          uniq_jessica
D:4:      layout_loops_ring, gammafunk_temple_overflow_elements,
          chequers_serial_rivers_micro_a, kennysheep_cross_bottleneck,
          minmay_misc_feat_nine_boxes, minmay_fractal_squares_diagonal_5

Skill      XL: |  1  2  3  4  5  6  7 |
---------------+----------------------+-----
Axes           | 3 6 8 10 | 10.0
Fighting       | 4 |  4.0
Armour         | 4 |  4.0
Shields        | 4 |  4.0

Action                   |  1- 3 |  4- 6 |  7- 9 || total
-------------------------+-------+-------+-------++-------
Melee: War axe           |    65 |    92 |    58 ||   215
  Use: Potion            |     1 |       |       ||     1
Armor: Scale mail        |    24 |    46 |    19 ||    89
Dodge: Dodged            |    32 |    43 |    32 ||   107
Block: Buckler           |    17 |    12 |     7 ||    36
